 Dungeon Crawl Stone Soup version 0.26-a0-651-gb41185065b (webtiles) character file.

Game seed: 13037589106768000751

(classic levelgen) 2648 EnegeticOcto the Cleaver (level 9, 39/82 HPs)
             Began as a Deep Dwarf Fighter on Oct 7, 2020.
             Quit the game in the Ecumenical Temple.
             The game lasted 00:02:55 (3348 turns).

EnegeticOcto the Cleaver (Deep Dwarf Fighter)       Turns: 3348, Time: 00:02:55

Health: 39/82      AC: 13    Str: 22    XL:     9   Next: 36%
Magic:  4/4        EV:  6    Int: 10    God:
Gold:   207        SH: 11    Dex: 12    Spells: 8/8 levels left

rFire    + . .     SeeInvis .   a - +1 war axe
rCold    . . .     Faith    .   c - +0 kite shield
rNeg     . . .     Spirit   .   j - +0 chain mail
rPois    .         Reflect  .   (no helmet)
rElec    .         Harm     .   (no cloak)
rCorr    .         Rampage  .   (no gloves)
MR       +....                  u - +2 pair of boots
Stlth    ..........             (no amulet)
HPRegen  0.00/turn              i - ring of protection from fire
MPRegen  0.09/turn              (no ring)

@: non-regenerating
A: damage resistance, heal wounds, sense surroundings 2, no regeneration
a: Heal Wounds


You were in the Ecumenical Temple.
You visited 2 branches of the dungeon, and saw 8 of its levels.

You collected 207 gold pieces.

Inventory:

Hand Weapons
 a - a +1 war axe (weapon)
Armour
 b - a +0 scale mail
 c - a +0 kite shield (worn)
 j - a +0 chain mail (worn)
 u - a +2 pair of boots (worn)
Jewellery
 i - a ring of protection from fire (left hand)
 p - the ring "Mixzirphixo" {Str+6 Int+2, unknown}
   (You found it on level 7 of the Dungeon)

   [ring of strength]

   It affects your strength (+6).
   It affects your intelligence (+2).
Wands
 m - a wand of disintegration (11)
 s - a wand of enslavement (12)
Scrolls
 l - a scroll of remove curse {@r2}
 n - 3 scrolls of magic mapping {@r5}
 o - 2 scrolls of identify {@r1}
 w - a scroll of teleportation {@r3}
Potions
 d - 2 potions of might {@q3}
 e - 2 potions of mutation
 f - 2 potions of stabbing {unknown}
 g - a potion of cancellation {unknown}
 h - 3 potions of lignification {unknown}
 k - a potion of flight {unknown}
 q - 3 potions of curing {@q1}
 r - a potion of haste {unknown}
 t - a potion of degeneration {unknown}
 v - a potion of brilliance {unknown}


   Skills:
 + Level 5.8 Fighting
 * Level 9.2 Axes
 + Level 7.1 Armour
 + Level 7.1 Shields


You had 8 spell levels left.
You didn't know any spells.
Your spell library was empty.

Dungeon Overview and Level Annotations

Branches:
Dungeon (7/15)             Temple (1/1) D:7

Altars:
Ashenzari
Cheibriados
Dithmenos
Elyvilon
Fedhas
Gozag
Hepliaklqana
Kikubaaqudgha
Qazlal
Ru
Sif Muna
Trog
Uskayaw
Vehumet
Xom
Yredelemnul
Zin

Shops:
D:4 (   D:6 *


Innate Abilities, Weirdness & Mutations

You are resistant to damage.
You can heal yourself by infusing magical energy.
You passively map the area around you.
You do not regenerate.


Message History

You block the scorpion's attack.
You closely miss the scorpion.
The scorpion is lightly wounded.
You block the scorpion's attack.
You hit the scorpion but do no damage.
The scorpion is lightly wounded.
You block the scorpion's attack.
A scorpion is nearby!
A scorpion is nearby!
A scorpion is nearby!
A scorpion is nearby!
A scorpion is nearby!
A scorpion is nearby!
A scorpion is nearby!
A scorpion is nearby!
You hit the scorpion.
The scorpion is moderately wounded.
The scorpion stings you but does no damage.
You hit the scorpion.
The scorpion is heavily wounded.
You block the scorpion's attack.
You hit the scorpion.
The scorpion is severely wounded.
The scorpion stings you.
You are poisoned.
The scorpion poisons you!
You hit the scorpion but do no damage.
The scorpion is severely wounded.
The scorpion stings you but does no damage.
You closely miss the scorpion.
The scorpion is severely wounded.
The scorpion completely misses you.
The scorpion stings you but does no damage.
You barely miss the scorpion.
The scorpion is severely wounded.
The scorpion stings you.
You slash the scorpion!
You kill the scorpion!
No target in view!
No target in view!
No target in view!
No target in view!
No target in view!
No target in view!
No target in view!
No target in view!
You open the door.
There is an open door here.
A bullfrog comes into view.
A bullfrog is nearby!
A bullfrog is nearby!
A bullfrog is nearby!
A bullfrog is nearby!
A bullfrog is nearby!
A bullfrog is nearby!
A bullfrog is nearby!
A bullfrog is nearby!
A bullfrog is nearby!
The bullfrog hits you but does no damage.
You block the bullfrog's attack.
You slash the bullfrog!
The bullfrog is heavily wounded.
The bullfrog hits you but does no damage.
You slash the bullfrog!
You kill the bullfrog!
No target in view!
No target in view!
No target in view!
No target in view!
No target in view!
No target in view!
No target in view!
No target in view!
No target in view!
No target in view!
No target in view!
(D) Dungeon (T) Temple
Where to? (Enter - D:7, ? - help)
There is an open door here.
You see here a scorpion corpse.
You are no longer poisoned.
There is an open door here.
There is an open door here.
There is a staircase to the Ecumenical Temple here.
You climb downwards.
Welcome to the Ecumenical Temple!
Found five altars.
There is a staircase back to the Dungeon here.
Found a broken altar of Ashenzari.
Found a shimmering altar of Xom.
Found a stormy altar of Qazlal.
Found a radiant altar of Vehumet and a white marble altar of Elyvilon.
Found a blossoming altar of Fedhas and a sacrificial altar of Ru.
Found an ancient bone altar of Kikubaaqudgha.
Done exploring.
Done exploring.
Search for what [? for help]? mka Can't find anything matching that.
Search for what [Enter for "mka", or ? for help]? mak Unknown command.
Are you sure you want to abandon this character and quit the game? (Confirm with "yes".)

#############
####...........###
###........<........
##...................
##....._..........._..
##.....................
#............._........
##......................
#......@._..........._..
#.......................
#.._..........._........
#.......................
#........_..........._..
##......................
#............._........
##.....................
##....._..........._..


There were no monsters in sight!

Vanquished Creatures
  Eustachio (D:4)
  A sky beast (D:7)
  Duvessa (D:4)
  A black bear (D:7)
  An ice beast (D:6)
  An orc warrior (D:6)
  4 ogres
  A centaur (D:5)
  A gnoll sergeant (D:7)
  4 bullfrogs
  3 scorpions
  Dowan (D:4)
  A howler monkey (D:6)
  3 bullfrog zombies
  An orc priest (D:6)
  5 hounds
  A jelly (D:5)
  A gnoll shaman (D:4)
  Jessica (D:3)
  6 iguanas
  4 orc wizards
  6 worker ants
  2 hound skeletons
  A worker ant zombie (D:5)
  10 gnolls
  5 adders
  A howler monkey skeleton (D:7)
  2 shadow imps
  2 white imps
  3 ufetubi
  An ooze (D:2)
  An adder skeleton (D:6)
  2 worms
  A dart slug (D:1)
  5 leopard geckos
  13 orcs
  2 giant cockroaches
  2 goblins
  3 hobgoblins
  10 jackals
  3 quokkas
  2 ball pythons
  3 frilled lizards
  A quokka zombie (D:7)
  3 rats (D:3)
127 creatures vanquished.

Notes
Turn   | Place    | Note
-------+----------+-------------------------------------------
     0 | D:1      | EnegeticOcto the Deep Dwarf Fighter began the quest for the
                  | Orb.
     0 | D:1      | Reached XP level 1. HP: 20/20 MP: 1/1
   106 | D:1      | Reached XP level 2. HP: 27/27 MP: 2/2
   233 | D:3      | Noticed Jessica
   252 | D:3      | Killed Jessica
   252 | D:3      | Reached skill level 3 in Axes
   252 | D:3      | Reached XP level 3. HP: 22/34 MP: 3/3
   285 | D:3      | Found a hide-covered altar of Uskayaw.
   288 | D:3      | Noticed a +0 hand axe
   288 | D:3      | Noticed a +0 dagger
   428 | D:4      | Found a bloodstained altar of Trog.
   428 | D:4      | Noticed Duvessa
   428 | D:4      | Noticed Dowan
   445 | D:4      | Killed Dowan
   445 | D:4      | Reached XP level 4. HP: 36/42 MP: 3/3
   466 | D:4      | Killed Duvessa
   466 | D:4      | Reached skill level 4 in Axes
   466 | D:4      | Reached XP level 5. HP: 26/49 MP: 4/4
   520 | D:4      | Noticed Eustachio
   522 | D:4      | Reached XP level 6. HP: 24/56 MP: 4/4
   581 | D:4      | Killed Eustachio
   581 | D:4      | Reached skill level 5 in Axes
   647 | D:4      | Found a glowing drain.
   732 | D:4      | Reached XP level 7. HP: 29/64 MP: 3/3
   855 | D:4      | Found Ross's Antique Weapon Emporium.
   948 | D:4      | Found a basalt altar of Yredelemnul.
  1080 | D:5      | Entered Level 5 of the Dungeon
  1102 | D:5      | Reached skill level 5 in Armour
  1102 | D:5      | Reached skill level 5 in Shields
  1156 | D:5      | Reached skill level 6 in Axes
  1368 | D:5      | Reached XP level 8. HP: 73/73 MP: 3/3
  1801 | D:5      | Reached skill level 7 in Axes
  2174 | D:6      | Found an opulent altar of Gozag.
  2180 | D:6      | Found Gozag's Platinum Reserve.
  2228 | D:6      | Reached skill level 5 in Fighting
  2307 | D:6      | Reached skill level 8 in Axes
  2546 | D:7      | Gained mutation: You passively map the area around you.
                  | [Deep Dwarf growth]
  2546 | D:7      | Reached XP level 9. HP: 45/81 MP: 4/4
  2943 | D:7      | Reached skill level 9 in Axes
  3036 | D:7      | Got a steaming glass ring
  3237 | D:7      | Found a staircase to the Ecumenical Temple.
  3305 | Temple   | Entered the Ecumenical Temple
  3348 | Temple   | Quit the game

Illustrated notes

Levels and vault maps discovered:
D:1:      minmay_arrival_four_houses, layout_basic
D:2:      layout_loops_corners, nicolae_overflow_hidden_temple,
          okawaru_altar_gauntlet_db, makhleb_altar_promises_db
D:3:      kennysheep_the_goblin_king, layout_basic, old_standard_altar,
          dancing_weapons_uskayaw, kennysheep_generic_room_10, uniq_sigmund,
          uniq_jessica
D:4:      layout_rooms, yredelemnul_altar_generic, bloody_trog,
          portal_sewer_entry_f, serial_shops, nicolae_shop_overgrown_old_shop,
          hangedman_decor_push, uniq_eustachio, uniq_duvessa
D:5:      layout_layer_cave, minmay_diced_spiral
D:6:      layout_basic, nicolae_gozag_zags_fifth_avenue
D:7:      layout_gridville, minmay_temple_entry_poolview
Temple:   cyrus_circular_temple

Skill      XL: |  1  2  3  4  5  6  7  8  9 |
---------------+----------------------------+-----
Fighting       | 3 4 5 |  5.8
Axes           | 3 4 5 6 8 9 |  9.2
Armour         | 4 5 6 7 |  7.1
Shields        | 4 5 6 7 |  7.1

Action                   |  1- 3 |  4- 6 |  7- 9 || total
-------------------------+-------+-------+-------++-------
Melee: War axe           |    68 |   136 |   336 ||   540
 Abil: Heal Wounds       |     3 |    10 |    17 ||    30
  Use: Scroll            |       |       |    10 ||    10
Armor: Scale mail        |    19 |     7 |       ||    26
       Chain mail        |       |   150 |   237 ||   387
Dodge: Dodged            |    17 |    53 |    93 ||   163
Block: Kite shield       |    45 |   141 |   244 ||   430

Table legend: (Time is in decaauts)
 A = Elapsed time spent in this place.
 B = Non-inter-level travel time spent in this place.
 C = Inter-level travel time spent in this place.
 D = Time resting spent in this place.
 E = Time spent auto-exploring this place.
 F = Levels seen in this place.
 G = Mean time per level.
                   A        B        C        D        E       F      G
               +--------+--------+--------+--------+--------+-----+--------+
         Total |   3504 |   3357 |    147 |      0 |   2224 |   8 |  438.0 |
       Dungeon |   3461 |   3315 |    146 |      0 |   2182 |   7 |  494.4 |
        Temple |     42 |     42 |      0 |      0 |     42 |   1 |   42.0 |
               +--------+--------+--------+--------+--------+-----+--------+

Top non-repeatable levels by time:
     D:5: 1049 daAuts
     D:7: 821 daAuts
     D:4: 724 daAuts
     D:6: 415 daAuts
     D:3: 214 daAuts
     D:1: 121 daAuts
     D:2: 113 daAuts
  Temple: 42 daAuts
